Knights vs Influenza
(R1)
Created - 12 novembre 2015 at 19:01
Goals
|
| Knights |
3 |
0 |
0 |
3 |
| Influenza |
0 |
1 |
1 |
2 |
|
Shots
|
| Knights |
13 |
3 |
10 |
26 |
| Influenza |
14 |
7 |
14 |
35 |
|
1st period
1. Knights , Jason Zucker 5 (Tomas Kundratek) at 4:25
2. Knights , Zack Hamill 12 (Eric Gelinas, Jimmy Hayes) at 9:50 (PP)
3. Knights , Joe Colborne 4 (Garnet Exelby) at 15:43
Penalties :
Ryan Russell (VJB) for Holding (Minor) at 9:23, Jimmy Hayes (Lon) for Cross-checking (Minor) at 13:12, Jimmy Hayes (Lon) for Cross-checking (Minor) at 15:48
2nd period
4. Influenza , John Klingberg 6 (Ryan Carter) at 9:59
Penalties :
Joe Colborne (Lon) for Tripping (Minor) at 1:16, Martins Karsums (VJB) for Hooking (Minor) at 2:26, Martins Karsums (VJB) for Holding (Minor) at 10:28, Jimmy Bonneau (VJB) for Interference (Minor) at 15:53
3rd period
5. Influenza , Matt Corrente 4 (Martins Karsums, Ryan Carter) at 15:26 (PP)
Penalties :
Garnet Exelby (Lon) for Hooking (Minor) at 0:40, Martins Karsums (VJB) for Holding (Minor) at 0:43, James Wright (Lon) for High sticking (Minor) at 4:53, Martins Karsums (VJB) for Hooking (Minor) at 11:50, James Wright (Lon) for Boarding (Minor) at 15:15, Magnus Paajarvi-Svensson (Lon) for Holding Stick (Minor) at 15:41, Jimmy Bonneau (VJB) for Tripping (Minor) at 18:12
Goalie Stats
Jacob Markstrom (Lon), 33 saves from 35 shots - (0,943), W, 9-6-0, 60:00 minutes
Thomas McCollum (VJB), 23 saves from 26 shots - (0,885), L, 1-3-0, 60:00 minutes
Players Stats for Knights
Player Name G A P +/- PIM S H SB GA TA FO MP PP MP PK MP
------------------------------------------------------------------------------------
Aaron Palushaj 0 0 0 0 0 1 0 0 0 0 0/0 8:13 0:00 0:00
Alex Chiasson 0 0 0 0 0 2 1 1 1 0 1/1 15:28 3:36 0:00
Eric Gelinas 0 1 1 -1 0 1 1 1 0 0 0/0 27:14 5:15 5:22
Garnet Exelby 0 1 1 2 2 2 0 1 0 0 0/0 18:12 0:44 3:58
James Wright 0 0 0 0 4 4 4 1 1 2 10/22 20:34 4:02 4:15
Jason Chimera 0 0 0 0 0 2 3 1 1 0 0/1 18:50 0:02 5:22
Jason Zucker 1 0 1 0 0 1 3 0 2 0 0/1 15:12 5:20 0:45
Jimmy Hayes 0 1 1 0 4 0 0 0 0 0 0/0 16:00 5:06 0:58
Joe Colborne 1 0 1 1 2 3 1 1 1 0 4/8 11:26 0:25 2:13
Josh Jooris 0 0 0 0 0 1 1 0 0 0 0/2 9:42 0:02 1:10
Kevin Hayes 0 0 0 1 0 0 1 0 0 0 0/0 8:58 0:14 0:00
Magnus Paajarvi-Svensson 0 0 0 1 2 3 1 0 0 0 0/0 14:47 4:02 0:59
Michael Stone 0 0 0 0 0 0 1 0 0 1 0/0 10:40 0:00 0:00
Nikita Nikitin 0 0 0 0 0 0 0 0 1 0 0/0 14:45 3:31 0:00
Niklas Hjalmarsson 0 0 0 -1 0 1 0 5 0 0 0/0 27:12 5:12 5:22
Ronalds Kenins 0 0 0 0 0 0 3 0 0 0 0/0 8:13 0:00 0:00
Tomas Kundratek 0 1 1 2 0 1 0 3 0 1 0/0 22:20 4:09 3:58
Zack Hamill 1 0 1 0 0 4 4 0 2 0 14/23 20:02 5:20 2:58
Players Stats for Influenza
Player Name G A P +/- PIM S H SB GA TA FO MP PP MP PK MP
------------------------------------------------------------------------------------
Ben Smith 0 0 0 1 0 3 1 0 0 0 2/2 16:04 4:08 1:42
Carl Gunnarsson 0 0 0 -1 0 1 0 0 0 2 0/0 11:01 0:00 0:00
Charlie Coyle 0 0 0 -2 0 0 1 0 0 0 1/1 10:44 0:11 3:06
Colin McDonald 0 0 0 -2 0 0 1 0 0 0 1/1 7:17 0:11 0:00
Corey Tropp 0 0 0 0 0 4 1 0 1 0 0/0 11:51 0:11 0:00
Evgeny Grachev 0 0 0 0 0 2 1 0 0 0 3/6 9:32 0:00 0:00
Jamie Benn 0 0 0 1 0 6 0 1 0 0 0/0 17:43 4:08 2:41
Jimmy Bonneau 0 0 0 -2 4 0 2 0 0 0 0/0 7:47 0:00 1:44
John Klingberg 1 0 1 1 0 2 1 2 1 1 0/0 20:47 4:19 3:34
Martins Karsums 0 1 1 0 8 4 2 0 1 2 0/1 20:14 4:59 2:37
Mathieu Carle 0 0 0 -1 0 1 2 2 0 1 0/0 28:12 5:01 5:50
Matt Corrente 1 0 1 1 0 4 3 1 0 0 0/0 20:47 4:19 3:34
Noah Welch 0 0 0 -1 0 0 2 4 0 1 0/0 28:12 5:01 5:50
Oskars Bartulis 0 0 0 -1 0 0 0 1 0 0 0/0 11:01 0:00 0:00
Robbie Earl 0 0 0 0 0 1 0 0 1 0 2/3 18:42 5:01 1:42
Ryan Carter 0 2 2 0 0 1 1 0 0 0 16/33 23:47 5:01 4:56
Ryan Russell 0 0 0 0 2 2 0 0 0 0 0/0 9:31 0:00 0:00
Zac Dalpe 0 0 0 1 0 4 1 0 0 2 4/11 14:32 4:08 0:20
3 Stars
1 - Matt Corrente (VJB)
2 - Zack Hamill (Lon)
3 - John Klingberg (VJB)
Power Play
Knights - 1 on 7 Attempt(s) - 14,29%
Influenza - 1 on 7 Attempt(s) - 14,29%
Penalty Kill
Knights - 6 on 7 Attempt(s) - 85,71%
- Score 0 goal in Penalty Kill
Influenza - 6 on 7 Attempt(s) - 85,71%
- Score 0 goal in Penalty Kill
Team Stat
Knights - Hits : 24 - Faceoff Wins : 29 - Blocked Shots : 14 - Penalty Minutes : 14
Influenza - Hits : 19 - Faceoff Wins : 29 - Blocked Shots : 11 - Penalty Minutes : 14
Official
Referees : Charron Francis and Ciamaga Chris
Linesman : Jay Sharrers and Darren Gibbs
Game Notes
No Game Note
Finance
Level 1 -- Attendance: 1349 (67,45%) -- Ticket Income 53 960 $
Level 2 -- Attendance: 784 (78,40%) -- Ticket Income 15 680 $
Total Attendance: 2133 (71,10%)
Total Ticket Income: 69 640 $
Other Income: 3 482 $
Total Income: 73 122 $
Knights
5 vs 5 Forward
Center Left Wing Right Wing Time % Phy DF OF
1 Zack Hamill Jason Chimera Alex Chiasson 38 0 1 4
2 James Wright Jason Zucker Jimmy Hayes 30 1 2 2
3 Joe Colborne Magnus Paajarvi-Svensson Kevin Hayes 20 0 1 4
4 Josh Jooris Ronalds Kenins Aaron Palushaj 12 1 2 2
5 vs 5 Defense
Defense Defense Time % Phy DF OF
1 Niklas Hjalmarsson Eric Gelinas 32 1 2 2
2 Garnet Exelby Tomas Kundratek 30 1 2 2
3 Nikita Nikitin Michael Stone 23 1 2 2
4 Eric Gelinas Niklas Hjalmarsson 15 1 2 2
PowerPlay Forward
Center Left Wing Right Wing Time % Phy DF OF
1 Zack Hamill Jason Zucker Jimmy Hayes 60 0 1 4
2 James Wright Magnus Paajarvi-Svensson Alex Chiasson 40 0 1 4
PowerPlay Defense
Defense Defense Time % Phy DF OF
1 Eric Gelinas Niklas Hjalmarsson 60 1 1 3
2 Nikita Nikitin Tomas Kundratek 40 1 1 3
Penalty Kill 4 Players Forward
Center Wing Time % Phy DF OF
1 James Wright Jason Chimera 60 1 3 1
2 Joe Colborne Jimmy Hayes 40 1 3 1
Penalty Kill 4 Players Defense
Defense Defense Time % Phy DF OF
1 Eric Gelinas Niklas Hjalmarsson 60 1 3 1
2 Tomas Kundratek Garnet Exelby 40 1 3 1
Penalty Kill - 3 Players Forward
Forward Time % Phy DF OF
1 James Wright 60 0 4 1
2 Jason Chimera 40 0 4 1
Penalty Kill - 3 Players Defense
Defense Defense Time % Phy DF OF
1 Niklas Hjalmarsson Tomas Kundratek 60 1 4 0
2 Garnet Exelby Tomas Kundratek 40 1 4 0
4 vs 4 Forward
Center Wing Time % Phy DF OF
1 James Wright Magnus Paajarvi-Svensson 60 1 1 3
2 Zack Hamill Alex Chiasson 40 1 1 3
4 vs 4 Defense
Defense Defense Time % Phy DF OF
1 Eric Gelinas Niklas Hjalmarsson 60 1 2 2
2 Tomas Kundratek Garnet Exelby 40 1 2 2
Last Minutes Offensive
Center Left Wing Right Wing Defense Defense
Zack Hamill Jason Zucker Jason Chimera Niklas Hjalmarsson Eric Gelinas
Last Minutes Defensive
Center Left Wing Right Wing Defense Defense
James Wright Jason Chimera Jimmy Hayes Niklas Hjalmarsson Eric Gelinas
Goaltenders
Starting : Jacob Markstrom
Backup : Mark Dekanich
Extra Forwards
Normal : Jason Chimera, Zack Hamill, James Wright - PP : James Wright, Zack Hamill - PK : Zack Hamill
Extra Defensemen
Normal : Niklas Hjalmarsson, Tomas Kundratek, Eric Gelinas - PP : Niklas Hjalmarsson - PK : Tomas Kundratek, Niklas Hjalmarsson
Penalty Shots
Jason Chimera, Alex Chiasson, Jimmy Hayes, James Wright, Zack Hamill
Influenza
5 vs 5 Forward
Center Left Wing Right Wing Time % Phy DF OF
1 Ryan Carter Robbie Earl Martins Karsums 40 1 2 2
2 Zac Dalpe Jamie Benn Ben Smith 30 1 2 2
3 Evgeny Grachev Ryan Russell Corey Tropp 20 1 2 2
4 Charlie Coyle Jimmy Bonneau Colin McDonald 10 1 2 2
5 vs 5 Defense
Defense Defense Time % Phy DF OF
1 Noah Welch Mathieu Carle 40 1 2 2
2 John Klingberg Matt Corrente 30 1 2 2
3 Carl Gunnarsson Oskars Bartulis 20 1 2 2
4 Noah Welch Mathieu Carle 10 1 2 2
PowerPlay Forward
Center Left Wing Right Wing Time % Phy DF OF
1 Ryan Carter Robbie Earl Martins Karsums 60 1 2 2
2 Zac Dalpe Jamie Benn Ben Smith 40 1 2 2
PowerPlay Defense
Defense Defense Time % Phy DF OF
1 Noah Welch Mathieu Carle 60 1 2 2
2 John Klingberg Matt Corrente 40 1 2 2
Penalty Kill 4 Players Forward
Center Wing Time % Phy DF OF
1 Ryan Carter Martins Karsums 60 1 2 2
2 Robbie Earl Ben Smith 40 1 2 2
Penalty Kill 4 Players Defense
Defense Defense Time % Phy DF OF
1 Noah Welch Mathieu Carle 60 1 2 2
2 John Klingberg Matt Corrente 40 1 2 2
Penalty Kill - 3 Players Forward
Forward Time % Phy DF OF
1 Ryan Carter 60 1 2 2
2 Martins Karsums 40 1 2 2
Penalty Kill - 3 Players Defense
Defense Defense Time % Phy DF OF
1 Noah Welch Mathieu Carle 60 1 2 2
2 John Klingberg Matt Corrente 40 1 2 2
4 vs 4 Forward
Center Wing Time % Phy DF OF
1 Ryan Carter Martins Karsums 60 1 2 2
2 Robbie Earl Ben Smith 40 1 2 2
4 vs 4 Defense
Defense Defense Time % Phy DF OF
1 Noah Welch Mathieu Carle 60 1 2 2
2 John Klingberg Matt Corrente 40 1 2 2
Last Minutes Offensive
Center Left Wing Right Wing Defense Defense
Ryan Carter Robbie Earl Martins Karsums Noah Welch Mathieu Carle
Last Minutes Defensive
Center Left Wing Right Wing Defense Defense
Ryan Carter Robbie Earl Martins Karsums Noah Welch Mathieu Carle
Goaltenders
Starting : Thomas McCollum
Backup : Alex Stalock
Extra Forwards
Normal : Corey Tropp, Colin McDonald, Charlie Coyle - PP : Corey Tropp, Colin McDonald - PK : Charlie Coyle
Extra Defensemen
Normal : Carl Gunnarsson, Oskars Bartulis, John Klingberg - PP : Carl Gunnarsson - PK : Oskars Bartulis, John Klingberg
Penalty Shots
Ryan Carter, Martins Karsums, Robbie Earl, Ben Smith, Jamie Benn
% Time on Ice - Knights
Lines # - Real PCT - Wanted PCT - Time Play
Normal Forward
1 - 32% - 38% - 12:24
2 - 24% - 30% - 9:18
3 - 22% - 20% - 8:36
4 - 21% - 12% - 8:13
Normal Defense
1 - 31% - 32% - 11:57
2 - 33% - 30% - 12:51
3 - 28% - 23% - 10:40
4 - 8% - 15% - 3:03
PP Forward
1 - 62% - 60% - 5:48
2 - 38% - 40% - 3:36
PP Defense
1 - 56% - 60% - 5:15
2 - 44% - 40% - 4:09
PK Forward
1 - 76% - 60% - 7:03
2 - 24% - 40% - 2:17
PK Defense
1 - 58% - 60% - 5:22
2 - 43% - 40% - 3:58
PK3 Forward
1 - 0% - 60%
2 - 0% - 40%
PK3 Defense
1 - 0% - 60%
2 - 0% - 40%
44 Forward
1 - 70% - 60% - 1:55
2 - 30% - 40% - 0:50
44 Defense
1 - 50% - 60% - 1:23
2 - 50% - 40% - 1:22
Last Minute Offensive - 0:00
Last Minute Defensive - 0:00
Total
Forward - 60:00
Defense - 60:00
|
% Time on Ice - Influenza
Lines # - Real PCT - Wanted PCT - Time Play
Normal Forward
1 - 35% - 40% - 13:35
2 - 27% - 30% - 10:14
3 - 25% - 20% - 9:32
4 - 13% - 10% - 5:10
Normal Defense
1 - 36% - 40% - 13:53
2 - 32% - 30% - 12:19
3 - 29% - 20% - 11:01
4 - 3% - 10% - 1:18
PP Forward
1 - 56% - 60% - 5:12
2 - 44% - 40% - 4:08
PP Defense
1 - 54% - 60% - 5:01
2 - 46% - 40% - 4:19
PK Forward
1 - 82% - 60% - 7:42
2 - 18% - 40% - 1:42
PK Defense
1 - 62% - 60% - 5:50
2 - 38% - 40% - 3:34
PK3 Forward
1 - 0% - 60%
2 - 0% - 40%
PK3 Defense
1 - 0% - 60%
2 - 0% - 40%
44 Forward
1 - 100% - 60% - 2:45
2 - 0% - 40% - 0:00
44 Defense
1 - 79% - 60% - 2:10
2 - 21% - 40% - 0:35
Last Minute Offensive - 0:00
Last Minute Defensive - 0:00
Total
Forward - 60:00
Defense - 60:00
|
Play by Play
1st period
0:01 of 1st period - Zack Hamill wins face-off versus Ryan Carter in neutral zone.
0:06 of 1st period - Wrist shot by Zack Hamill.
0:06 of 1st period - Shot Blocked by Noah Welch.
0:08 of 1st period - Slapshot by Eric Gelinas.
0:08 of 1st period - Deflect By Alex Chiasson.
0:08 of 1st period - Stopped by Thomas McCollum without a rebound.
0:09 of 1st period - Ryan Carter wins face-off versus Zack Hamill in Influenza zone.
0:14 of 1st period - Niklas Hjalmarsson is hit by Martins Karsums and loses puck.
0:39 of 1st period - Wrist shot by Zack Hamill.
0:39 of 1st period - Shot Misses the Net.
1:34 of 1st period - Wrist shot by Jason Chimera.
1:34 of 1st period - Shot Misses the Net.
1:36 of 1st period - Slapshot by Eric Gelinas.
1:36 of 1st period - Shot Blocked by Mathieu Carle.
1:38 of 1st period - Snap shot by Jason Chimera.
1:38 of 1st period - Stopped by Thomas McCollum with a rebound.
1:40 of 1st period - Slapshot by Eric Gelinas.
1:40 of 1st period - Stopped by Thomas McCollum without a rebound.
1:41 of 1st period - Zac Dalpe wins face-off versus James Wright in Influenza zone.
1:48 of 1st period - Garnet Exelby is hit by John Klingberg.
1:54 of 1st period - Snap shot by James Wright.
1:54 of 1st period - Stopped by Thomas McCollum without a rebound.
1:55 of 1st period - Joe Colborne wins face-off versus Evgeny Grachev in Influenza zone.
2:05 of 1st period - Off-side.
2:06 of 1st period - Ben Smith wins face-off versus James Wright in neutral zone.
2:37 of 1st period - Wrist shot by Magnus Paajarvi-Svensson.
2:37 of 1st period - Stopped by Thomas McCollum with a rebound.
2:53 of 1st period - Ronalds Kenins is hit by Matt Corrente and loses puck.
3:04 of 1st period - John Klingberg is hit by Ronalds Kenins.
3:32 of 1st period - Niklas Hjalmarsson is hit by Evgeny Grachev and loses puck.
4:01 of 1st period - Robbie Earl is hit by Ronalds Kenins and loses puck.
4:15 of 1st period - Off-side.
4:16 of 1st period - Charlie Coyle wins face-off versus James Wright in neutral zone.
4:19 of 1st period - Slapshot by Carl Gunnarsson.
4:19 of 1st period - Shot Blocked by Tomas Kundratek.
4:25 of 1st period - Snap shot by Jason Zucker.
4:25 of 1st period - Goal by Jason Zucker - Knights : 1 - Influenza : 0.
4:26 of 1st period - James Wright wins face-off versus Zac Dalpe in neutral zone.
4:53 of 1st period - Joe Colborne is hit by Corey Tropp and loses puck.
5:53 of 1st period - Wrist shot by Ben Smith.
5:53 of 1st period - Shot Misses the Net.
6:05 of 1st period - Slapshot by Jimmy Hayes.
6:05 of 1st period - Shot Blocked by Jamie Benn.
6:29 of 1st period - Wrist shot by Evgeny Grachev.
6:29 of 1st period - Shot Misses the Net.
6:43 of 1st period - Tomas Kundratek is hit by Jimmy Bonneau and loses puck.
6:59 of 1st period - Icing by Josh Jooris.
7:00 of 1st period - Zack Hamill wins face-off versus Ryan Carter in Knights zone.
7:16 of 1st period - Slapshot by Robbie Earl.
7:16 of 1st period - Stopped by Jacob Markstrom with a rebound.
7:48 of 1st period - Evgeny Grachev is hit by Kevin Hayes and loses puck.
8:07 of 1st period - Snap shot by Josh Jooris.
8:07 of 1st period - Stopped by Thomas McCollum with a rebound.
8:27 of 1st period - Snap shot by Ryan Carter.
8:27 of 1st period - Shot Hit the Post.
8:33 of 1st period - Wrist shot by Martins Karsums.
8:33 of 1st period - Stopped by Jacob Markstrom without a rebound.
8:34 of 1st period - James Wright wins face-off versus Zac Dalpe in Knights zone.
8:47 of 1st period - Wrist shot by James Wright.
8:47 of 1st period - Stopped by Thomas McCollum with a rebound.
8:49 of 1st period - Wrist shot by Jimmy Hayes.
8:49 of 1st period - Shot Misses the Net.
8:59 of 1st period - Robbie Earl is hit by Eric Gelinas and loses puck.
9:08 of 1st period - Wrist shot by Zack Hamill.
9:08 of 1st period - Shot Misses the Net.
9:23 of 1st period - Minor Penalty to Ryan Russell for Holding.
9:24 of 1st period - Ryan Carter wins face-off versus Jason Zucker in Influenza zone.
9:31 of 1st period - Off-side.
9:32 of 1st period - Zack Hamill wins face-off versus Ryan Carter in neutral zone.
9:48 of 1st period - Slapshot by Zack Hamill.
9:48 of 1st period - Stopped by Thomas McCollum with a rebound.
9:50 of 1st period - Snap shot by Zack Hamill.
9:50 of 1st period - Goal by Zack Hamill - Knights : 2 - Influenza : 0.
9:51 of 1st period - Zac Dalpe wins face-off versus James Wright in neutral zone.
9:54 of 1st period - Snap shot by Jamie Benn.
9:54 of 1st period - Shot Misses the Net.
9:56 of 1st period - Slapshot by Zac Dalpe.
9:56 of 1st period - Stopped by Jacob Markstrom with a rebound.
10:32 of 1st period - Icing by Eric Gelinas.
10:33 of 1st period - Evgeny Grachev wins face-off versus Zack Hamill in Knights zone.
10:34 of 1st period - Snap shot by Ryan Russell.
10:34 of 1st period - Stopped by Jacob Markstrom with a rebound.
11:12 of 1st period - Icing by Tomas Kundratek.
11:13 of 1st period - Alex Chiasson wins face-off versus Zac Dalpe in Knights zone.
11:28 of 1st period - Snap shot by Zac Dalpe.
11:28 of 1st period - Shot Misses the Net.
11:48 of 1st period - Snap shot by Martins Karsums.
11:48 of 1st period - Shot Blocked by Tomas Kundratek.
12:10 of 1st period - Snap shot by Aaron Palushaj.
12:10 of 1st period - Stopped by Thomas McCollum without a rebound.
12:11 of 1st period - James Wright wins face-off versus Zac Dalpe in Influenza zone.
12:25 of 1st period - Snap shot by Ben Smith.
12:25 of 1st period - Stopped by Jacob Markstrom without a rebound.
12:26 of 1st period - Zack Hamill wins face-off versus Ryan Carter in Knights zone.
13:02 of 1st period - Backhand shot by Ben Smith.
13:02 of 1st period - Shot Misses the Net.
13:04 of 1st period - Slapshot by Zac Dalpe.
13:04 of 1st period - Deflect By Jamie Benn.
13:04 of 1st period - Stopped by Jacob Markstrom with a rebound.
13:12 of 1st period - Minor Penalty to Jimmy Hayes for Cross-checking.
13:13 of 1st period - Ryan Carter wins face-off versus James Wright in Knights zone.
13:46 of 1st period - Wrist shot by Zac Dalpe.
13:46 of 1st period - Stopped by Jacob Markstrom without a rebound.
13:47 of 1st period - Zac Dalpe wins face-off versus James Wright in Knights zone.
13:48 of 1st period - Wrist shot by Jamie Benn.
13:48 of 1st period - Stopped by Jacob Markstrom with a rebound.
14:21 of 1st period - Snap shot by Martins Karsums.
14:21 of 1st period - Shot Misses the Net.
14:34 of 1st period - Icing by Jamie Benn.
14:35 of 1st period - Joe Colborne wins face-off versus Zac Dalpe in Influenza zone.
14:40 of 1st period - Slapshot by Zack Hamill.
14:40 of 1st period - Stopped by Thomas McCollum with a rebound.
15:12 of 1st period - Penalty to Jimmy Hayes is over, Jimmy Hayes is back on ice.
15:27 of 1st period - Slapshot by Josh Jooris.
15:27 of 1st period - Shot Blocked by Noah Welch.
15:43 of 1st period - Wrist shot by Joe Colborne.
15:43 of 1st period - Goal by Joe Colborne - Knights : 3 - Influenza : 0.
15:44 of 1st period - James Wright wins face-off versus Ryan Carter in neutral zone.
15:48 of 1st period - Minor Penalty to Jimmy Hayes for Cross-checking.
15:49 of 1st period - Ryan Carter wins face-off versus James Wright in Knights zone.
15:55 of 1st period - Wrist shot by Martins Karsums.
15:55 of 1st period - Shot Blocked by Niklas Hjalmarsson.
15:57 of 1st period - Snap shot by Martins Karsums.
15:57 of 1st period - Shot Misses the Net.
15:59 of 1st period - Snap shot by Mathieu Carle.
15:59 of 1st period - Shot Misses the Net.
16:05 of 1st period - Snap shot by Ryan Carter.
16:05 of 1st period - Shot Misses the Net.
16:21 of 1st period - Wrist shot by Zac Dalpe.
16:21 of 1st period - Stopped by Jacob Markstrom with a rebound.
16:23 of 1st period - Wrist shot by Jamie Benn.
16:23 of 1st period - Stopped by Jacob Markstrom with a rebound.
16:25 of 1st period - Snap shot by Ben Smith.
16:25 of 1st period - Stopped by Jacob Markstrom without a rebound.
16:26 of 1st period - James Wright wins face-off versus Zac Dalpe in Knights zone.
16:37 of 1st period - Wrist shot by Zac Dalpe.
16:37 of 1st period - Shot Blocked by James Wright.
16:39 of 1st period - Wrist shot by Zac Dalpe.
16:39 of 1st period - Shot Blocked by Tomas Kundratek.
16:55 of 1st period - Snap shot by Zack Hamill.
16:55 of 1st period - Shot Misses the Net.
17:21 of 1st period - Niklas Hjalmarsson is hit by Mathieu Carle and loses puck.
17:48 of 1st period - Penalty to Jimmy Hayes is over, Jimmy Hayes is back on ice.
18:11 of 1st period - Matt Corrente is hit by James Wright and loses puck.
18:30 of 1st period - John Klingberg is hit by James Wright and loses puck.
18:41 of 1st period - Slapshot by John Klingberg.
18:41 of 1st period - Stopped by Jacob Markstrom with a rebound.
18:43 of 1st period - Slapshot by Matt Corrente.
18:43 of 1st period - Stopped by Jacob Markstrom with a rebound.
18:45 of 1st period - Slapshot by Matt Corrente.
18:45 of 1st period - Shot Blocked by Niklas Hjalmarsson.
18:47 of 1st period - Snap shot by Matt Corrente.
18:47 of 1st period - Shot Misses the Net.
18:49 of 1st period - Slapshot by Ryan Russell.
18:49 of 1st period - Shot Misses the Net.
18:51 of 1st period - Slapshot by Matt Corrente.
18:51 of 1st period - Stopped by Jacob Markstrom without a rebound.
18:52 of 1st period - Ryan Carter wins face-off versus Joe Colborne in Knights zone.
19:17 of 1st period - Michael Stone is hit by Noah Welch.
Goals for this period are 3 for Knights vs 0 for Influenza.
Shots for this period are 13 for Knights vs 14 for Influenza.
2nd period
0:01 of 2nd period - Robbie Earl wins face-off versus James Wright in neutral zone.
0:18 of 2nd period - Eric Gelinas is hit by Martins Karsums and loses puck.
0:49 of 2nd period - Slapshot by Magnus Paajarvi-Svensson.
0:49 of 2nd period - Shot Blocked by John Klingberg.
0:51 of 2nd period - Slapshot by Niklas Hjalmarsson.
0:51 of 2nd period - Stopped by Thomas McCollum with a rebound.
0:53 of 2nd period - Slapshot by Joe Colborne.
0:53 of 2nd period - Stopped by Thomas McCollum without a rebound.
0:54 of 2nd period - Ryan Carter wins face-off versus Joe Colborne in Influenza zone.
0:54 of 2nd period - Ryan Carter is hit by Magnus Paajarvi-Svensson.
0:59 of 2nd period - John Klingberg is hit by Joe Colborne and loses puck.
1:16 of 2nd period - Minor Penalty to Joe Colborne for Tripping.
1:17 of 2nd period - Ryan Carter wins face-off versus James Wright in Knights zone.
2:26 of 2nd period - Minor Penalty to Martins Karsums for Hooking.
2:27 of 2nd period - Ryan Carter wins face-off versus James Wright in Influenza zone.
2:36 of 2nd period - Backhand shot by Magnus Paajarvi-Svensson.
2:36 of 2nd period - Shot Blocked by Noah Welch.
2:38 of 2nd period - Slapshot by Niklas Hjalmarsson.
2:38 of 2nd period - Shot Blocked by Noah Welch.
3:16 of 2nd period - Penalty to Joe Colborne is over, Joe Colborne is back on ice.
4:26 of 2nd period - Penalty to Martins Karsums is over, Martins Karsums is back on ice.
4:32 of 2nd period - Snap shot by Evgeny Grachev.
4:32 of 2nd period - Stopped by Jacob Markstrom with a rebound.
4:38 of 2nd period - Ryan Russell is hit by Josh Jooris and loses puck.
5:16 of 2nd period - Snap shot by Ben Smith.
5:16 of 2nd period - Deflect By Jamie Benn.
5:16 of 2nd period - Stopped by Jacob Markstrom with a rebound.
6:13 of 2nd period - Eric Gelinas is hit by Jimmy Bonneau and loses puck.
6:37 of 2nd period - Martins Karsums is hit by Alex Chiasson and loses puck.
7:36 of 2nd period - Noah Welch is hit by Jason Chimera and loses puck.
8:25 of 2nd period - Jason Zucker is hit by Charlie Coyle and loses puck.
9:41 of 2nd period - Icing by Zack Hamill.
9:42 of 2nd period - Ryan Carter wins face-off versus Zack Hamill in Knights zone.
9:59 of 2nd period - Slapshot by John Klingberg.
9:59 of 2nd period - Goal by John Klingberg - Knights : 3 - Influenza : 1.
10:00 of 2nd period - Zack Hamill wins face-off versus Robbie Earl in neutral zone.
10:06 of 2nd period - Off-side.
10:07 of 2nd period - Zack Hamill wins face-off versus Ryan Carter in neutral zone.
10:19 of 2nd period - Icing by Jason Chimera.
10:20 of 2nd period - Zack Hamill wins face-off versus Ryan Carter in Knights zone.
10:28 of 2nd period - Minor Penalty to Martins Karsums for Holding.
10:29 of 2nd period - Zack Hamill wins face-off versus Ryan Carter in Influenza zone.
11:03 of 2nd period - Slapshot by Magnus Paajarvi-Svensson.
11:03 of 2nd period - Shot Blocked by Mathieu Carle.
11:47 of 2nd period - Slapshot by John Klingberg.
11:47 of 2nd period - Shot Misses the Net.
12:13 of 2nd period - Zack Hamill is hit by Noah Welch and loses puck.
12:28 of 2nd period - Penalty to Martins Karsums is over, Martins Karsums is back on ice.
12:35 of 2nd period - Icing by Mathieu Carle.
12:36 of 2nd period - Ryan Carter wins face-off versus Josh Jooris in Influenza zone.
12:43 of 2nd period - Slapshot by Mathieu Carle.
12:43 of 2nd period - Stopped by Jacob Markstrom with a rebound.
13:06 of 2nd period - Off-side.
13:07 of 2nd period - Ryan Carter wins face-off versus Joe Colborne in neutral zone.
14:01 of 2nd period - Wrist shot by James Wright.
14:01 of 2nd period - Shot Misses the Net.
15:00 of 2nd period - Nikita Nikitin is hit by Matt Corrente and loses puck.
15:43 of 2nd period - Slapshot by Magnus Paajarvi-Svensson.
15:43 of 2nd period - Shot Misses the Net.
15:45 of 2nd period - Wrist shot by Magnus Paajarvi-Svensson.
15:45 of 2nd period - Stopped by Thomas McCollum with a rebound.
15:53 of 2nd period - Minor Penalty to Jimmy Bonneau for Interference.
15:54 of 2nd period - Ryan Carter wins face-off versus Zack Hamill in Influenza zone.
17:53 of 2nd period - Penalty to Jimmy Bonneau is over, Jimmy Bonneau is back on ice.
18:50 of 2nd period - Snap shot by Evgeny Grachev.
18:50 of 2nd period - Shot Misses the Net.
18:52 of 2nd period - Snap shot by Corey Tropp.
18:52 of 2nd period - Stopped by Jacob Markstrom with a rebound.
18:54 of 2nd period - Snap shot by Ryan Russell.
18:54 of 2nd period - Shot Blocked by Joe Colborne.
18:56 of 2nd period - Slapshot by Carl Gunnarsson.
18:56 of 2nd period - Shot Misses the Net.
18:58 of 2nd period - Slapshot by Corey Tropp.
18:58 of 2nd period - Stopped by Jacob Markstrom with a rebound.
19:00 of 2nd period - Snap shot by Ryan Russell.
19:00 of 2nd period - Deflect By Evgeny Grachev.
19:00 of 2nd period - Stopped by Jacob Markstrom without a rebound.
19:01 of 2nd period - James Wright wins face-off versus Ryan Carter in Knights zone.
19:27 of 2nd period - Eric Gelinas is hit by Zac Dalpe and loses puck.
19:35 of 2nd period - Nikita Nikitin is hit by Matt Corrente and loses puck.
19:56 of 2nd period - Noah Welch is hit by Michael Stone and loses puck.
Goals for this period are 0 for Knights vs 1 for Influenza.
Shots for this period are 3 for Knights vs 7 for Influenza.
3rd period
0:01 of 3rd period - Zack Hamill wins face-off versus Ryan Carter in neutral zone.
0:40 of 3rd period - Minor Penalty to Garnet Exelby for Hooking.
0:41 of 3rd period - Ryan Carter wins face-off versus James Wright in Knights zone.
0:41 of 3rd period - Wrist shot by Robbie Earl.
0:41 of 3rd period - Shot Blocked by Niklas Hjalmarsson.
0:43 of 3rd period - Minor Penalty to Martins Karsums for Holding.
0:44 of 3rd period - James Wright wins face-off versus Ryan Carter in Influenza zone.
0:49 of 3rd period - Snap shot by James Wright.
0:49 of 3rd period - Stopped by Thomas McCollum with a rebound.
0:55 of 3rd period - Slapshot by Mathieu Carle.
0:55 of 3rd period - Deflect By Corey Tropp.
0:55 of 3rd period - Stopped by Jacob Markstrom without a rebound.
0:56 of 3rd period - James Wright wins face-off versus Ryan Carter in Knights zone.
1:03 of 3rd period - Slapshot by Ryan Carter.
1:03 of 3rd period - Shot Misses the Net.
1:09 of 3rd period - Ryan Carter is hit by James Wright and loses puck.
1:33 of 3rd period - Mathieu Carle is hit by Zack Hamill and loses puck.
1:38 of 3rd period - Snap shot by Alex Chiasson.
1:38 of 3rd period - Stopped by Thomas McCollum without a rebound.
1:39 of 3rd period - Colin McDonald wins face-off versus Zack Hamill in Influenza zone.
2:40 of 3rd period - Penalty to Garnet Exelby is over, Garnet Exelby is back on ice.
2:43 of 3rd period - Penalty to Martins Karsums is over, Martins Karsums is back on ice.
2:43 of 3rd period - Backhand shot by Nikita Nikitin.
2:43 of 3rd period - Shot Misses the Net.
2:49 of 3rd period - Slapshot by John Klingberg.
2:49 of 3rd period - Deflect By Jamie Benn.
2:49 of 3rd period - Stopped by Jacob Markstrom with a rebound.
2:51 of 3rd period - Snap shot by Matt Corrente.
2:51 of 3rd period - Stopped by Jacob Markstrom with a rebound.
2:59 of 3rd period - Slapshot by Eric Gelinas.
2:59 of 3rd period - Shot Blocked by John Klingberg.
3:01 of 3rd period - Wrist shot by James Wright.
3:01 of 3rd period - Shot Blocked by Matt Corrente.
3:03 of 3rd period - Slapshot by Garnet Exelby.
3:03 of 3rd period - Stopped by Thomas McCollum without a rebound.
3:04 of 3rd period - Zack Hamill wins face-off versus Evgeny Grachev in Influenza zone.
3:07 of 3rd period - Wrist shot by Jason Chimera.
3:07 of 3rd period - Stopped by Thomas McCollum with a rebound.
3:09 of 3rd period - Slapshot by Tomas Kundratek.
3:09 of 3rd period - Deflect By Alex Chiasson.
3:09 of 3rd period - Shot Blocked by Oskars Bartulis.
3:09 of 3rd period - Puck is out of play.
3:10 of 3rd period - Evgeny Grachev wins face-off versus Zack Hamill in Influenza zone.
3:53 of 3rd period - Icing by Garnet Exelby.
3:54 of 3rd period - Ben Smith wins face-off versus Josh Jooris in Knights zone.
3:57 of 3rd period - Snap shot by Zac Dalpe.
3:57 of 3rd period - Shot Misses the Net.
3:59 of 3rd period - Wrist shot by Ben Smith.
3:59 of 3rd period - Shot Misses the Net.
4:01 of 3rd period - Slapshot by Noah Welch.
4:01 of 3rd period - Deflect By Jamie Benn.
4:01 of 3rd period - Stopped by Jacob Markstrom without a rebound.
4:02 of 3rd period - Zack Hamill wins face-off versus Zac Dalpe in Knights zone.
4:02 of 3rd period - Zack Hamill is hit by Ben Smith.
4:15 of 3rd period - Wrist shot by Ben Smith.
4:15 of 3rd period - Stopped by Jacob Markstrom with a rebound.
4:17 of 3rd period - Slapshot by Mathieu Carle.
4:17 of 3rd period - Shot Blocked by Alex Chiasson.
4:37 of 3rd period - Wrist shot by James Wright.
4:37 of 3rd period - Stopped by Thomas McCollum without a rebound.
4:38 of 3rd period - Zac Dalpe wins face-off versus Zack Hamill in Influenza zone.
4:38 of 3rd period - Zac Dalpe is hit by Zack Hamill.
4:48 of 3rd period - Snap shot by Zac Dalpe.
4:48 of 3rd period - Shot Blocked by Jason Chimera.
4:50 of 3rd period - Snap shot by Zac Dalpe.
4:50 of 3rd period - Stopped by Jacob Markstrom without a rebound.
4:51 of 3rd period - James Wright wins face-off versus Ryan Carter in Knights zone.
4:53 of 3rd period - Minor Penalty to James Wright for High sticking.
4:54 of 3rd period - Ryan Carter wins face-off versus Jason Chimera in Knights zone.
5:06 of 3rd period - Snap shot by Mathieu Carle.
5:06 of 3rd period - Shot Blocked by Niklas Hjalmarsson.
5:08 of 3rd period - Slapshot by Noah Welch.
5:08 of 3rd period - Shot Blocked by Eric Gelinas.
5:10 of 3rd period - Snap shot by Mathieu Carle.
5:10 of 3rd period - Shot Blocked by Niklas Hjalmarsson.
5:20 of 3rd period - Zac Dalpe is hit by Jason Chimera and loses puck.
6:53 of 3rd period - Penalty to James Wright is over, James Wright is back on ice.
7:01 of 3rd period - Slapshot by Corey Tropp.
7:01 of 3rd period - Shot Blocked by Garnet Exelby.
7:19 of 3rd period - Ryan Russell is hit by Jason Zucker and loses puck.
7:32 of 3rd period - Garnet Exelby is hit by Colin McDonald and loses puck.
8:35 of 3rd period - Colin McDonald is hit by Ronalds Kenins.
8:45 of 3rd period - Wrist shot by Joe Colborne.
8:45 of 3rd period - Stopped by Thomas McCollum with a rebound.
8:47 of 3rd period - Wrist shot by Magnus Paajarvi-Svensson.
8:47 of 3rd period - Stopped by Thomas McCollum with a rebound.
9:05 of 3rd period - Slapshot by Ryan Russell.
9:05 of 3rd period - Stopped by Jacob Markstrom with a rebound.
9:07 of 3rd period - Slapshot by Carl Gunnarsson.
9:07 of 3rd period - Stopped by Jacob Markstrom without a rebound.
9:08 of 3rd period - Zack Hamill wins face-off versus Ryan Carter in Knights zone.
9:18 of 3rd period - Ryan Carter is hit by Zack Hamill and loses puck.
10:34 of 3rd period - John Klingberg is hit by Jason Chimera and loses puck.
10:41 of 3rd period - Snap shot by Zack Hamill.
10:41 of 3rd period - Stopped by Thomas McCollum without a rebound.
10:42 of 3rd period - Robbie Earl wins face-off versus James Wright in Influenza zone.
10:54 of 3rd period - Garnet Exelby is hit by Ryan Carter and loses puck.
11:32 of 3rd period - Slapshot by Garnet Exelby.
11:32 of 3rd period - Stopped by Thomas McCollum with a rebound.
11:34 of 3rd period - Slapshot by Tomas Kundratek.
11:34 of 3rd period - Stopped by Thomas McCollum without a rebound.
11:35 of 3rd period - Joe Colborne wins face-off versus Ryan Carter in Influenza zone.
11:50 of 3rd period - Minor Penalty to Martins Karsums for Hooking.
11:51 of 3rd period - Ryan Carter wins face-off versus Zack Hamill in Influenza zone.
12:16 of 3rd period - Mathieu Carle is hit by James Wright and loses puck.
12:39 of 3rd period - Charlie Coyle is hit by Jason Zucker and loses puck.
13:50 of 3rd period - Penalty to Martins Karsums is over, Martins Karsums is back on ice.
13:53 of 3rd period - Matt Corrente is hit by Zack Hamill and loses puck.
14:44 of 3rd period - Slapshot by Martins Karsums.
14:44 of 3rd period - Stopped by Jacob Markstrom with a rebound.
14:46 of 3rd period - Slapshot by Colin McDonald.
14:46 of 3rd period - Shot Misses the Net.
15:15 of 3rd period - Minor Penalty to James Wright for Boarding.
15:16 of 3rd period - Zack Hamill wins face-off versus Martins Karsums in Knights zone.
15:20 of 3rd period - Snap shot by Martins Karsums.
15:20 of 3rd period - Stopped by Jacob Markstrom with a rebound.
15:22 of 3rd period - Slapshot by Ryan Carter.
15:22 of 3rd period - Stopped by Jacob Markstrom with a rebound.
15:24 of 3rd period - Snap shot by Martins Karsums.
15:24 of 3rd period - Stopped by Jacob Markstrom with a rebound.
15:26 of 3rd period - Slapshot by Matt Corrente.
15:26 of 3rd period - Goal by Matt Corrente - Knights : 3 - Influenza : 2.
15:27 of 3rd period - Evgeny Grachev wins face-off versus Joe Colborne in neutral zone.
15:36 of 3rd period - Snap shot by Corey Tropp.
15:36 of 3rd period - Stopped by Jacob Markstrom with a rebound.
15:38 of 3rd period - Snap shot by Corey Tropp.
15:38 of 3rd period - Deflect By Evgeny Grachev.
15:38 of 3rd period - Shot Misses the Net.
15:38 of 3rd period - Puck is out of play.
15:39 of 3rd period - Joe Colborne wins face-off versus Evgeny Grachev in Knights zone.
15:41 of 3rd period - Minor Penalty to Magnus Paajarvi-Svensson for Holding Stick.
15:42 of 3rd period - James Wright wins face-off versus Ryan Carter in Knights zone.
17:05 of 3rd period - Martins Karsums is hit by Jason Zucker and loses puck.
17:41 of 3rd period - Penalty to Magnus Paajarvi-Svensson is over, Magnus Paajarvi-Svensson is back on ice.
18:12 of 3rd period - Minor Penalty to Jimmy Bonneau for Tripping.
18:13 of 3rd period - Zack Hamill wins face-off versus Ryan Carter in Influenza zone.
18:33 of 3rd period - Slapshot by Alex Chiasson.
18:33 of 3rd period - Shot Misses the Net.
18:55 of 3rd period - Off-side.
18:56 of 3rd period - Joel Quenneville call a timeout for Influenza.
18:56 of 3rd period - Ryan Carter wins face-off versus Zack Hamill in neutral zone.
19:07 of 3rd period - Slapshot by Tomas Kundratek.
19:07 of 3rd period - Shot Misses the Net.
19:29 of 3rd period - Nikita Nikitin is hit by Mathieu Carle and loses puck.
Goals for this period are 0 for Knights vs 1 for Influenza.
Shots for this period are 10 for Knights vs 14 for Influenza.
Output by the SimonT Hockey Simulator (STHS) for François Prévost -- Original Page W3C XHTML 1.0 Valid